 Dungeon Crawl Stone Soup version 0.29-a0-878-g7b45a56547 (webtiles) character file.

Game seed: 3190101850172028153

51 Locuples the Sneak (level 3, -3/27 HPs)
             Began as a Demonspawn Brigand on July 20, 2022.
             Slain by a gnoll
             ... wielding a +0 club
              (7 damage)
             ... on level 2 of the Dungeon.
             The game lasted 00:02:28 (1454 turns).

Locuples the Sneak (Demonspawn Brigand)             Turns: 1454, Time: 00:02:28

Health: -3/27      AC:  6    Str: 11    XL:     3   Next: 57%
Magic:  3/3        EV: 11    Int: 12    God:
Gold:   100        SH:  0    Dex: 16    Spells: 2/2 levels left

rFire   . . .      SeeInvis .   a - +2 dagger
rCold   . . .      Faith    .   (no shield)
rNeg    . . .      Spirit   .   b - +0 robe
rPois   .          Reflect  .   o - +1 helmet
rElec   .          Harm     .   c - +0 cloak
rCorr   +          Rampage  .   q - +0 pair of gloves
Will    .....                   (no boots)
Stlth   +++.......              (no amulet)
HPRegen 0.09/turn               h - ring of resist corrosion
MPRegen 0.16/turn               (no ring)

@: no status effects
A: magic regeneration
a: no special abilities


You were on level 2 of the Dungeon.
You visited 1 branch of the dungeon, and saw 2 of its levels.

You collected 100 gold pieces.

Inventory:

Hand Weapons
 a - a +2 dagger (weapon)
Missiles
 d - 9 poisoned darts (quivered)
 e - 3 curare-tipped darts
Armour
 b - a +0 robe (worn)
 c - a +0 cloak (worn)
 o - a +1 helmet (worn)
 q - a +0 pair of gloves (worn)
Jewellery
 h - a ring of resist corrosion (left hand)
 m - a ring of flight
Scrolls
 f - a scroll of enchant weapon {unknown}
 g - a scroll of vulnerability {unknown}
 j - a scroll of poison {unknown}
 k - a scroll of identify {unknown}
 l - a scroll of fog {unknown}
 n - a scroll of teleportation {unknown}
 p - 2 scrolls of enchant armour {unknown}
Potions
 i - 2 potions of curing {unknown}


   Skills:
 - Level 2.0 Fighting
 + Level 2.2 Short Blades
 - Level 1.7 Throwing
 - Level 0.8 Dodging
 * Level 4.8 Stealth


You had 2 spell levels left.
You didn't know any spells.
Your spell library was empty.

Dungeon Overview and Level Annotations

Branches:
Dungeon (2/15)

Altars:


Innate Abilities, Weirdness & Mutations

You regenerate magic rapidly.


Message History

The gnoll is severely wounded.
The gnoll hits you with a +0 spear.
You hit the gnoll.
You kill the gnoll!
You see here a +0 spear.
A kobold comes into view. It is wielding a +0 dagger.
The gnoll shouts!
The kobold shouts!
The gnoll shouts!
The kobold throws a stone.
The stone closely misses you. The gnoll hits you with a +0 whip.
You closely miss the gnoll. The gnoll barely misses you.
The kobold throws a stone.
The stone hits you but does no damage. The gnoll hits you with a +0 whip.
You hit the gnoll.
The gnoll is lightly wounded.
The gnoll completely misses you. The gnoll hits you with a +0 whip.
You hit the gnoll but do no damage.
The gnoll is lightly wounded.
The gnoll hits you with a +0 club.
* * * LOW HITPOINT WARNING * * *
The kobold closely misses you. The gnoll hits you with a +0 whip.
* * * LOW HITPOINT WARNING * * *
You hit the gnoll.
The gnoll is lightly wounded.
You hit the gnoll but do no damage.
The gnoll is lightly wounded.
The kobold barely misses you. The gnoll hits you but does no damage.
The gnoll completely misses you.
You hit the gnoll but do no damage.
The gnoll is lightly wounded.
The kobold hits you but does no damage. The gnoll misses you.
The gnoll closely misses you.
You hit the gnoll but do no damage.
The gnoll is lightly wounded.
The kobold hits you with a +0 dagger.
* * * LOW HITPOINT WARNING * * *
The gnoll misses you. The gnoll closely misses you.
You hit the gnoll.
The gnoll is moderately wounded.
The kobold misses you. The gnoll hits you with a +0 club!
You die...

.. .# # .# .##.###
.######
......g######......#
......g@.)..........
....#.K###.......... .
.##. #.#..####..
....###.#..## #.# ..
.........#..##.##
#..<........##..PP..##
#.#..#.####...P.≈≈...##
##.#..#.# #...≈P.≈.≈..#
#.....#.####..P≈.≈P≈≈P..


You could see 2 gnolls and a kobold.

Vanquished Creatures
  A gnoll (D:2)
  An adder (D:2)
  A worm (D:2)
  3 ball pythons (D:1)
  4 bats
  3 endoplasms
  A giant cockroach (D:2)
  3 goblins (D:1)
  3 hobgoblins
  3 quokkas
  3 kobolds
26 creatures vanquished.

Vanquished Creatures (others)
  2 plants (D:2)
2 creatures vanquished.

Grand Total: 28 creatures vanquished

Notes
Turn   | Place    | Note
-------+----------+-------------------------------------------
     0 | D:1      | Locuples the Demonspawn Brigand began the quest for the
                  | Orb.
     0 | D:1      | Reached XP level 1. HP: 16/16 MP: 1/1
    35 | D:1      | Found a faded altar of an unknown god.
   195 | D:1      | Reached skill level 4 in Stealth
   451 | D:1      | Gained mutation: You regenerate magic rapidly. [demonic
                  | ancestry]
   451 | D:1      | Reached XP level 2. HP: 22/22 MP: 2/2
  1219 | D:2      | Reached XP level 3. HP: 27/27 MP: 3/3
  1454 | D:2      | Slain by a gnoll

Illustrated notes

Levels and vault maps discovered:
D:1:      reono_arrival_forest_river, layout_basic,
          hellmonk_ecumenical_altar_pennies_from_heaven
D:2:      minmay_diamond_boxcup, layout_loops_ring, basic_altar, chequers_jeans,
          serial_bayou_pond_b, minmay_pentomino_q4

Skill      XL: |  1  2 |
---------------+-------+-----
Stealth        | 4 |  4.8
Short Blades   | 2 |  2.2
Fighting       | |  2.0
Throwing       | |  1.7
Dodging        | |  0.8

Action                   || total
-------------------------++-------
Melee: Dagger            ||    88
 Stab: Sleeping          ||     2
       Distracted        ||     1
Armor: Robe              ||    23
Dodge: Dodged            ||    67

Table legend: (Time is in decaauts)
 A = Elapsed time spent in this place.
 B = Non-inter-level travel time spent in this place.
 C = Inter-level travel time spent in this place.
 D = Time resting spent in this place.
 E = Time spent auto-exploring this place.
 F = Levels seen in this place.
 G = Mean time per level.
                   A        B        C        D        E       F      G
               +--------+--------+--------+--------+--------+-----+--------+
         Total |   1452 |   1452 |      0 |    259 |    871 |   2 |  726.0 |
       Dungeon |   1452 |   1452 |      0 |    259 |    871 |   2 |  726.0 |
               +--------+--------+--------+--------+--------+-----+--------+

Top non-repeatable levels by time:
     D:1: 1188 daAuts
     D:2: 263 daAuts
